 Dungeon Crawl Stone Soup version 0.28-a0-1510-gd0f6b136d3 (webtiles) character file.

Game seed: 11195788686956627724

72 tatocazan the Slasher (level 4, -3/42 HPs)
             Began as a Naga Berserker on Jan 15, 2022.
             Was a Follower of Trog.
             Slain by a mummy (14 damage)
             ... in an ossuary.
             The game lasted 00:03:08 (3498 turns).

tatocazan the Slasher (Naga Berserker)              Turns: 3498, Time: 00:03:09

Health: -3/42      AC:  5    Str: 21    XL:     4   Next: 26%
Magic:  4/4        EV:  9    Int:  7    God:    Trog [*.....]
Gold:   56         SH:  0    Dex: 11    Spells: 3/3 levels left

rFire   . . .      SeeInvis +   a - +0 falchion
rCold   . . .      Faith    .   (no shield)
rNeg    . . .      Spirit   .   c - +1 leather armour {Will+}
rPois   +          Reflect  .   (no helmet)
rElec   .          Harm     .   (no cloak)
rCorr   .          Rampage  .   i - +0 pair of gloves
Will    +....                   (no barding)
Stlth   ++........              (no amulet)
HPRegen 0.14/turn               (no ring)
MPRegen 0.09/turn               (no ring)

@: very slow
A: AC +1, large, see invisible, deformed body, poison resistance, slowness 2,
spit poison 1, naga tail 1
a: Spit Poison, Renounce Religion, Berserk


You were in an ossuary.
You worshipped Trog.
Trog was aware of your devotion.
You visited 1 branch of the dungeon, and saw 4 of its levels.
You also visited: Ossuary.

You collected 56 gold pieces.

Inventory:

Hand Weapons
 a - a +0 falchion (weapon)
Missiles
 j - 6 silver boomerangs
Armour
 c - a +1 leather armour of willpower (worn)
 i - a +0 pair of gloves (worn)
 m - a +0 scale mail
Wands
 l - a wand of flame (6)
Scrolls
 b - a scroll of immolation {unknown}
 e - a scroll of fog {unknown}
 g - a scroll of magic mapping
 h - 3 scrolls of identify {unknown}
 n - 2 scrolls of blinking {unknown}
Potions
 d - a potion of curing {unknown}
 f - 2 potions of cancellation {unknown}
 k - a potion of haste {unknown}


   Skills:
 + Level 3.2 Fighting
 * Level 3.6 Long Blades
 + Level 2.1 Armour
 + Level 2.0 Dodging
 - Level 2.9 Stealth


You had 3 spell levels left.
You didn't know any spells.
Your spell library was empty.

Dungeon Overview and Level Annotations

Branches:
Dungeon (4/15)             Temple (0/1) D:4         Ossuary (1/1)

Altars:


Innate Abilities, Weirdness & Mutations

Your serpentine skin is tough. (AC +1)
You have supernaturally acute eyesight. (SInv)
Armour fits poorly on your strangely shaped body.
Your system is resistant to poisons. (rPois)
You cover ground very slowly.
You can spit poison.
You have a snake-like lower body.


Message History

The mummy hits you.
You take 4 damage, and have 38/42 hp.
You hit the mummy.
The mummy is moderately damaged.
The mummy hits you! The mummy hits you. The mummy barely misses you.
You take 14 damage, and have 24/42 hp.
MASSIVE DAMAGE!!
You are too injured to fight recklessly!
You are too injured to fight recklessly!
You are too injured to fight recklessly!
You are too injured to fight recklessly!
You are too injured to fight recklessly!
You are too injured to fight recklessly!
You are too injured to fight recklessly!
You are too injured to fight recklessly!
You are too injured to fight recklessly!
You are too injured to fight recklessly!
You are too injured to fight recklessly!
You are too injured to fight recklessly!
You are too injured to fight recklessly!
You are too injured to fight recklessly!
You are too injured to fight recklessly!
You are too injured to fight recklessly!
You are too injured to fight recklessly!
You are too injured to fight recklessly!
You are too injured to fight recklessly!
You are too injured to fight recklessly!
You are too injured to fight recklessly!
You are too injured to fight recklessly!
You are too injured to fight recklessly!
You are too injured to fight recklessly!
Unknown command.
You slash the mummy!
The mummy is severely damaged.
You hit the mummy.
The mummy is severely damaged.
The mummy hits you. x2; The mummy hits you!
* * * LOW HITPOINT WARNING * * *
You take 14 damage, and have 10/42 hp.
MASSIVE DAMAGE!!
The mummy hits you!
You die...

#
###########.#
##..M.@.......
#...MM....^^..
#.....∩.∩...^.
#.............
##........^...
###########Z#
#


You could see 3 mummies and a hobgoblin zombie (dormant).

Vanquished Creatures
  2 adders (D:3)
  2 worms (D:2)
  3 dart slugs
  An orc (D:3)
  3 bats
  5 endoplasms
  4 giant cockroaches
  A goblin (D:1)
  5 hobgoblins
  A quokka (D:1)
  5 ball pythons
  2 frilled lizards (D:3)
  5 kobolds
  A rat (D:2)
40 creatures vanquished.

Notes
Turn   | Place    | Note
-------+----------+-------------------------------------------
     0 | D:1      | tatocazan the Naga Berserker began the quest for the Orb.
     0 | D:1      | Reached XP level 1. HP: 21/21 MP: 1/1
   663 | D:1      | Reached skill level 1 in Stealth
   706 | D:1      | Reached XP level 2. HP: 24/28 MP: 2/2
   810 | D:1      | Found a faded altar of an unknown god.
  1795 | D:2      | Reached XP level 3. HP: 33/34 MP: 3/3
  2818 | D:3      | Reached XP level 4. HP: 31/42 MP: 4/4
  3485 | D:4      | Found a sand-covered staircase.
  3490 | Ossuary  | Entered an ossuary
  3498 | Ossuary  | Slain by a mummy

Illustrated notes

Levels and vault maps discovered:
D:1:      evilmike_arrival_rings, layout_basic,
          shapermc_ecumenical_altar_mp_vishouse, roderic_lattice_a
D:2:      layout_basic, chequers_jeans
D:3:      layout_basic, kennysheep_generic_room_7
D:4:      layout_loops_cross, minmay_temple_entry_glassed_door, enter_ossuary_2
Ossuary:  ossuary_the_hunt_dpeg

Skill      XL: |  1  2  3  4 |
---------------+-------------+-----
Stealth        | 1 2 |  2.9
Armour         | 2 |  2.1
Dodging        | 2 |  2.0
Fighting       | |  3.2
Long Blades    | |  3.6

Action                   |  1- 3 |  4- 6 || total
-------------------------+-------+-------++-------
Melee: Falchion          |    95 |    36 ||   131
       Punch             |     1 |       ||     1
  Use: Scroll            |       |     1 ||     1
 Stab: Sleeping          |     6 |     1 ||     7
Armor: Leather armour    |    35 |    18 ||    53
Dodge: Dodged            |    44 |    26 ||    70

Table legend: (Time is in decaauts)
 A = Elapsed time spent in this place.
 B = Non-inter-level travel time spent in this place.
 C = Inter-level travel time spent in this place.
 D = Time resting spent in this place.
 E = Time spent auto-exploring this place.
 F = Levels seen in this place.
 G = Mean time per level.
                   A        B        C        D        E       F      G
               +--------+--------+--------+--------+--------+-----+--------+
         Total |   4304 |   4197 |    107 |   1036 |   2651 |   5 |  860.8 |
       Dungeon |   4295 |   4188 |    107 |   1036 |   2651 |   4 | 1073.8 |
       Ossuary |      9 |      9 |      0 |      0 |      0 |   1 |    9.0 |
               +--------+--------+--------+--------+--------+-----+--------+

Top non-repeatable levels by time:
     D:1: 1645 daAuts
     D:2: 1541 daAuts
     D:3: 1083 daAuts
     D:4: 24 daAuts
 Ossuary: 9 daAuts
